Map: Acid Plant LE

Players

TYTY (TY) - Winner!

  • Race: Terran Terran
  • League: Master
  • Spawn Location: 11:00

Leenock

  • Race: Zerg Zerg
  • League: Grandmaster
  • Spawn Location: 5:00

Event: Memes & Dreams Invitational

VOD

Have the link to the VOD?

Description

Time

  • Played on: April 15, 2018, 4:21 a.m.
  • Length: 6:30

All games in this series

Show
View Real Time Build Order
Export as new Build Order

TYTY Terran - Winner!

Build Orders:  

Get SALT Encoding   

  12  0:00  SCV  
  13  0:12  SCV  
  14  0:22  Supply Depot  
  14  0:24  SCV  
  15  0:43  Barracks  
  15  0:50  Barracks  
  15  0:55  SCV  
  16  1:07  SCV  
  17  1:19  SCV  
  17  1:20  Refinery  
  18  1:30  Marine  
  18  1:31  Orbital Command  
  19  1:34  Supply Depot  
  19  1:37  Marine  
  20  1:46  Bunker  
  20  1:48  Marine  
  21  1:55  Marine  
  21  1:57  SCV  
  23  2:08  Marine  
  21  2:16  Marine  
  21  2:17  SCV  
  21  2:21  Factory  
  23  2:26  Marine  
  23  2:30  SCV  
  23  2:34  Marine  
  25  2:43  SCV  
  26  2:44  Marine  
  27  2:51  Command Center  
  27  2:57  SCV  
  28  2:59  Supply Depot  
  28  3:06  Hellion  
  28  3:10  SCV  
  31  3:22  SCV  
  32  3:27  Starport  
  32  3:33  Factory Reactor  
  32  3:34  SCV  
  33  3:44  Supply Depot  
  33  3:45  Refinery  
  33  3:46  SCV  
  34  3:58  SCV  
  35  4:06  Starport Tech Lab  
  35  4:09  Cyclone  
  38  4:10  Bunker, SCV  
  38  4:12  Hellion  
  41  4:20  Orbital Command  
  39  4:25  Banshee  
  39  4:27  SCV  
  43  4:39  SCV  
  43  4:41  Hellion x2  
  43  4:46  SCV  
  43  4:49  Orbital Command  
  43  4:51  SCV  
  41  5:01  Cloaking Field  
  41  5:03  SCV  
  41  5:04  Barracks Tech Lab  
  42  5:11  Banshee  
  45  5:14  SCV  
  45  5:15  SCV  
  47  5:24  Marine  
  47  5:26  SCV  
  47  5:27  SCV  
  50  5:29  Marine  
  51  5:39  Marine, SCV x2  
  51  5:41  Marine  
  55  5:44  Supply Depot  
  55  5:47  Marine  
  54  5:51  SCV  
  54  5:54  SCV  
  54  5:55  Command Center  
  54  5:56  Marine  
  57  5:58  Factory Tech Lab  
  57  5:59  Factory Reactor  
  57  6:00  Marine  
  57  6:03  SCV  
  59  6:05  Marine  
  59  6:06  SCV  
  61  6:12  Engineering Bay  
  61  6:13  Engineering Bay  
  61  6:15  SCV  
  63  6:25  Supply Depot  
Show
View Real Time Build Order
Export as new Build Order

Leenock Zerg 

Build Orders: Hatch First 

Get SALT Encoding   

  12  0:00  Drone  
  13  0:12  Overlord  
  13  0:16  Drone  
  14  0:30  Drone x2  
  14  0:34  Drone  
  17  0:51  Hatchery  
  17  0:54  Drone  
  17  0:57  Drone  
  18  1:06  Extractor  
  17  1:13  Spawning Pool  
  17  1:15  Drone  
  17  1:18  Drone  
  18  1:27  Drone  
  19  1:38  Overlord  
  19  2:04  Zergling x4  
  19  2:05  Zergling x2  
  21  2:11  Zergling x2  
  21  2:12  Queen  
  20  2:37  Zergling x4  
  20  2:40  Zergling x2  
  23  2:53  Roach Warren  
  22  3:01  Drone x2  
  21  3:32  Roach x4  
  21  3:33  Roach  
  31  3:35  Roach  
  33  3:43  Overlord  
  33  4:02  Drone x5  
  38  4:05  Drone  
  39  4:18  Overlord  
  39  4:24  Overlord  
  36  4:47  Drone  
  36  4:50  Drone  
  33  4:56  Drone  
  33  4:57  Drone  
  33  4:58  Drone x4  
  35  5:01  Drone  
  35  5:02  Drone  
  35  5:03  Drone  
  35  5:05  Queen  
  36  5:12  Lair  
  36  5:15  Drone  
  37  5:21  Drone  
  37  5:27  Zergling x6  
  41  5:32  Zergling x2  
  41  5:35  Zergling x2  
  39  5:39  Extractor, Drone  
  39  5:42  Drone  
  39  5:52  Drone x3  
  39  6:00  Drone  
  39  6:06  Extractor  
  40  6:11  Overseer  
  40  6:17  Drone x3  
  40  6:18  Drone x2  
  45  6:25  Nydus Network  
Tags
 
Add a new tag
Caveats
  • Supply blocks, unpowered buildings, or Contaminate may cause inaccurate times.
  • Supply counts are checked every 10 seconds.